[Event "Late-Titled-Tuesday-Blitz-October-03-2023"]
[Site "Chess.com"]
[Date "2023.10.03"]
[Round "6"]
[White "gabduschew"]
[Black "szachuspl"]
[Result "1/2-1/2"]
[WhiteElo "2414"]
[BlackElo "2527"]
[TimeControl "180+1"]
[EndTime "15:05:41 PDT"]
[Termination "Game drawn by stalemate"]

1. b3 d5 2. Bb2 c5 3. e3 a6 4. f4 Nc6 5. Nf3 Nf6 6. Be2 g6 7. O-O Bg7 8. Ne5 Bd7 9. Bf3 O-O 10.
d3 Rc8 11. Nd2 e6 12. a3 d4 13. Nxd7 Qxd7 14. Nc4 dxe3 15. Nb6 Qd6 16. Nxc8 Rxc8 17. Bxc6 Rxc6 18. Be5 Qd7 19. Qf3 Nd5 20. c4 Ne7 21. Qxe3 Nf5 22. Qe4 Bxe5 23. fxe5 Qd4+ 24. Qxd4 Nxd4 25.
Rab1 Nc2 26. Rf2 Nd4 27. b4 b5 28. bxc5 Rxc5 29. cxb5 axb5 30. Re1 Rc3 31. Ref1 Rc7 32. h3 h5 33. Kh2 h4 34. Rf4 Nf5 35. Rb1 Rc3 36.
Rxb5 Rxa3 37. d4 Rd3 38. Rb8+ Kg7 39. Rd8 Rd2 40. Rg4 Ne3 41. Rxh4 Nxg2 42. Re4 Nh4+ 43. Kg3 Nf5+ 44. Kf3 Rd3+ 45. Kg2 Rg3+ 46. Kh2 Rd3 47. Rg4 Ne3 48. Re4 Rd2+ 49. Kg3 Nf5+ 50. Kf3 Rh2 51. Kg4 Rg2+ 52. Kf4 g5+ 53. Kf3 Rg3+ 54.
Ke2 Rxh3 55. Kf2 Rh2+ 56. Kf3 Rh3+ 57. Kf2 Rd3 58. Rg4 Kg6 59. Rg8+ Ng7 60. Rxg5+ Kxg5 61.
Rxg7+ Kf4 62. Rxf7+ Ke4 63. Rf6 Kd5 64. Rf4 Rxd4 65. Rxd4+ Kxd4 66. Ke2 Kxe5 67. Ke3 Kf5 68. Kf3 Ke5 69. Ke3 Kd5 70. Kd3 e5 71. Ke3 e4 72.
Ke2 Kd4 73. Kd2 Ke5 74. Ke3 Kd5 75. Ke2 Ke5 76. Ke3 Kf5 77. Ke2 Kf4 78. Kf2 e3+ 79. Ke2 Ke4 80. Ke1 Kd3 81. Kd1 Kd4 82. Ke2 Ke4 83.
Ke1 Ke5 84. Ke2 Kf4 85. Ke1 Ke4 86. Ke2 Kf4 87. Ke1 Kf3 88. Kf1 e2+ 89. Ke1 Ke3 1/2-1/2

[Event "Late-Titled-Tuesday-Blitz-October-03-2023"]
[Site "Chess.com"]
[Date "2023.10.03"]
[Round "6"]
[White "Ducke13"]
[Black "MathiasCasalaspro"]
[Result "1/2-1/2"]
[WhiteElo "2479"]
[BlackElo "2356"]
[TimeControl "180+1"]
[EndTime "15:05:47 PDT"]
[Termination "Game drawn by repetition"]

1. d4 Nf6 2. g3 g6 3. Bg2 Bg7 4. e4 d6 5. Ne2 O-O 6. O-O e5 7. Nbc3 Nc6 8. dxe5 dxe5 9. Bg5 Be6 10. Nd5 Bxd5 11. exd5 Ne7 12. c4 Nf5 13. Rc1 h6 14.
Bxf6 Bxf6 15. c5 Nd4 16. Nxd4 exd4 17. Qb3 Rb8 18. Rfe1 Qd7 19. a4 b6 20. c6 Qd6 21.
Bh3 Rfe8 22. Bd7 Re5 23. Rxe5 Qxe5 24. Qf3 Kg7 25. b4 Be7 26. b5 Bd6 27. Kf1 Bb4 28. h4 Ra8 29. Rc2 a6 30. Re2 Qf6 31. Qb3 Bd6 32.
Kg2 axb5 33. Qxb5 Ra5 34. Qb3 Rc5 35. Rc2 Rc3 36. Rxc3 dxc3 37. Bg4 Qd4 38. Qc2 Qxd5+ 39. Bf3 Qd4 40. h5 Bc5 41. hxg6 fxg6 42. Be4 g5 43.
Bh7 Kh8 44. Bg6 Qd5+ 45. Be4 Qd4 46.
Bf3 Kg7 47. Be4 Qd2 48. Qxd2 cxd2 49. Bc2 Bb4 50. f4 Ba5 51. Kf3 Kf6 52. fxg5+ hxg5 53. Ke4 Ke6 54. Kd4 Kd6 55. Ke4 Kxc6 56. Kf5 Kd6 57.
Kxg5 Ke7 58. Kg6 Kf8 59. Kh7 Bc3 60. g4 c6 61. g5 b5 62. g6 bxa4 63. Bxa4 c5 64.
Bc2 c4 65. Kh6 Bg7+ 66. Kh7 c3 67. Bb3 Bf6 68. Bc2 Be5 69. Bb3 Bf6 70. Bd1 Bg7 71. Ba4 Bf6 72. Bb3 Bg7 73. Bc2 Bf6 74. Kh6 Bg7+ 75. Kg5 Ke7 76. Kf5 Kf8 77. Ke4 Ke7 78.
Kd5 Kf8 79. Kc4 Ke7 80. Bd1 Kf8 81. Bc2 Ke7 82. Kd3 Kf8 83. Ke2 Ke7 84. Kd1 Kf8 85. Bd3 Ke7 86. Bc2 Kf8 87. Bd3 Ke7 88. Bb1 Kf6 89.
Be4 Ke5 90. Bd3 Kd4 91. Bc2 Ke3 92. Bb1 Bf6 93. Bc2 Bg7 94. Bb1 Bf6 95. Bc2 Bg7 1/2-1/2

[Event "Late-Titled-Tuesday-Blitz-October-03-2023"]
[Site "Chess.com"]
[Date "2023.10.03"]
[Round "6"]
[White "Krakozia"]
[Black "artin10862"]
[Result "1/2-1/2"]
[WhiteElo "2988"]
[BlackElo "2814"]
[TimeControl "180+1"]
[EndTime "15:05:50 PDT"]
[Termination "Game drawn - insufficient material"]

1. e4 c5 2. Nf3 d6 3. d4 cxd4 4. Nxd4 Nf6 5. Nc3 a6 6. Bc4 e6 7.
Be3 Nc6 8. Qe2 Qc7 9. O-O-O Bd7 10. Bb3 b5 11. Rhe1 Be7 12. Nxc6 Bxc6 13. Bf4 Nd7 14.
Nd5 Bxd5 15. exd5 e5 16. Kb1 O-O 17. Bc1 Rab8 18. Rd3 a5 19. c3 f5 20. Rh3 g6 21. g4 Nc5 22. Bc2 f4 23. g5 b4 24.
Qg4 Rf7 25. Qh4 Rg7 26. Qg4 Qc8 27. Qxc8+ Rxc8 28. cxb4 axb4 29. Bd2 Rb8 30. Rg1 Rf7 31. Rf3 Bf8 32. h4 Bg7 33. Rc1 Rbf8 34. Re1 Rb8 35. Be4 Rfb7 36. Rh3 Nxe4 37. Rxe4 Rb5 38. Rd3 h6 39. gxh6 Bxh6 40. Rb3 Rxd5 41. Rexb4 Rc8 42. Rb8 Rxb8 43. Rxb8+ Kf7 44. Kc2 Rc5+ 45. Kd1 Rd5 46. Kc2 Rc5+ 47. Kd1 Rd5 48. Ke1 Bg7 49. b4 Bf6 50. a4 Bxh4 51. a5 Bxf2+ 52. Kxf2 Rxd2+ 53. Kf3 Kf6 54. a6 Ra2 55. b5 Kf5 56. Rf8+ Ke6 57. b6 Ra3+ 58. Ke2 Ra2+ 59. Kf3 Ra3+ 60. Ke2 Ra2+ 61.
Kd1 Ra1+ 62. Kc2 Ra2+ 63. Kd3 Ra3+ 64. Kc4 Rxa6 65. b7 Rb6 66. b8=Q Rxb8 67. Rxb8 Kf5 68. Kd3 g5 69. Rf8+ Kg4 70. Ke4 Kg3 71. Rf6 g4 72. Rxd6 f3 73. Kxe5 Kg2 74. Rd2+ f2 75.
Kf4 Kg1 76. Rxf2 Kxf2 77. Kxg4 1/2-1/2

[Event "Late-Titled-Tuesday-Blitz-October-03-2023"]
[Site "Chess.com"]
[Date "2023.10.03"]
[Round "6"]
[White "The_Princess_Moon"]
[Black "Horokoskii"]
[Result "0-1"]
[WhiteElo "2278"]
[BlackElo "2112"]
[TimeControl "180+1"]
[EndTime "15:05:51 PDT"]
[Termination "Horokoskii won by resignation"]

1. e4 c5 2. Nf3 d6 3. c3 g6 4. d4 cxd4 5. cxd4 Bg7 6. Bc4 e6 7. O-O Nc6 8. d5 Nce7 9. dxe6 Bxe6 10. Bb5+ Bd7 11. Qb3 Bxb5 12. Qxb5+ Qd7 13. Na3 Nf6 14.
Qd3 O-O 15. Bf4 Rad8 16. Rad1 Nh5 17. Bg5 Bxb2 18. Nc4 Bf6 19. Bh6 Rfe8 20. Ne3 Nc6 21. Nd5 Bg7 22. Bxg7 Kxg7 23. Qc3+ f6 24. Rfe1 Ne7 25.
Ne3 Nf4 26. g3 Ne6 27. Nd5 Nxd5 28. Rxd5 Nc7 29. Rd3 Nb5 30. Qd2 Qg4 31. Kg2 h5 32.
h3 Qe6 33. Rd5 Nc7 34. Rd4 a6 35. Re3 Nb5 36. Rd5 Re7 37. a4 Nc7 38. Rd4 Ne8 39. Rdd3 Rc7 40. Nd4 Qd7 41. h4 Qxa4 42. Qe2 Qd7 43.
Qf3 Rdc8 44. Ne2 Rc2 45. Nf4 Qf7 46. Nd5 Rc1 47. g4 hxg4 48. Qxg4 R8c5 49. Nf4 g5 50. Ne6+ Kh6 51. Nxc5 Rxc5 52. Rd5 Rxd5 53. exd5 Ng7 54. hxg5+ fxg5 55. Re6+ Nxe6 56. dxe6 Qe8 57. f4 gxf4 58. Qxf4+ Kg7 59. Kf3 Qxe6 60. Qg5+ Kf7 61. Qh5+ Qg6 62. Qd5+ Kf6 63. Qxb7 Qf5+ 64. Ke3 Qc5+ 65. Kd3 Qb5+ 66.
Qxb5 axb5 67. Kd4 Ke6 68. Kd3 Kd5 69. Kc3 Kc5 70. Kb3 d5 71. Kc3 d4+ 72. Kd3 Kb4 73. Kc2 Kc4 74. Kb2 b4 75. Kc2 d3+ 76. Kd2 Kb3 77.
Kxd3 Ka2 78. Kc2 b3+ 79. Kc3 b2 80. Kb4 b1=Q+ 81. Ka4 Qe1 82. Kb5 Qe4 83. Ka5 Kb3 84. Kb5 Qd3+ 85. Ka5 Qc3+ 86. Kb5 Kc2 87. Ka4 Qb2 88. Ka5 Kc3 89. Ka6 Kc4 90. Ka7 Kc5 0-1

[Event "Late-Titled-Tuesday-Blitz-October-03-2023"]
[Site "Chess.com"]
[Date "2023.10.03"]
[Round "6"]
[White "Zhigalko_Sergei"]
[Black "FabianoCaruana"]
[Result "1/2-1/2"]
[WhiteElo "2959"]
[BlackElo "3072"]
[TimeControl "180+1"]
[EndTime "15:06:27 PDT"]
[Termination "Game drawn by repetition"]

1. e4 e5 2. Nf3 Nc6 3. Bc4 Nf6 4. d3 Be7 5. O-O O-O 6. Nbd2 d6 7. c3 h6 8. Re1 Re8 9. Bb3 Bf8 10. h3 d5 11.
exd5 Nxd5 12. d4 Nf4 13. Nc4 Ng6 14. Ncxe5 Ncxe5 15. Nxe5 Nxe5 16. Rxe5 Rxe5 17. dxe5 Qxd1+ 18. Bxd1 Be6 19. Be3 a5 20. f4 a4 21. Bc2 Bd5 22. a3 b5 23. Rd1 c6 24. Kf2 Re8 25. Rd2 Be7 26. Bd1 f6 27. Bf3 Bxf3 28. Kxf3 fxe5 29. fxe5 Kf7 30. Rd7 Ke6 31. Rc7 Kd5 32. Ke2 h5 33.
Kd3 g6 34. g4 c5 35. Rb7 Kc6 36. Ra7 Kd5 37. Ra6 hxg4 38. hxg4 c4+ 39. Kc2 Ke4 40. Bd4 g5 41. Re6 Kd5 42. Rb6 Rh8 43. Rxb5+ Ke4 44. e6 Rh6 45. Ra5 Rxe6 46. Rxa4 Rc6 47. Ra7 Bd6 48. a4 Kf3 49. a5 Kxg4 50. Rb7 Bf4 51.
Rb6 Rc8 52. a6 Ra8 53. Rc6 Kf3 54. Rxc4 Rxa6 55. b4 g4 56. b5 Ra8 57. Rc6 g3 58. Rf6 g2 59. b6 Rd8 60. Rg6 Rd6 61. Rxd6 Bxd6 62. Kb3 Ke4 63. Kc4 Be5 64. b7 Bxd4 65. b8=Q g1=Q 66. Qb7+ Ke3 67. Qe7+ Kd2 68. cxd4 Qf1+ 69.
Kc5 Qf5+ 70. Qe5 Qc2+ 71. Kd6 Qc4 72. d5 Qb4+ 73. Ke6 Qg4+ 74. Qf5 Qg8+ 75. Ke5 Qg7+ 76. Kd6 Qg3+ 77. Kd7 Kc3 78. d6 Qg7+ 79. Ke6 Qg8+ 80. Qf7 Qg4+ 81. Ke7 Qe4+ 82. Qe6 Qh7+ 83. Kd8 Qh8+ 84.
Ke7 Qg7+ 85. Qf7 Qe5+ 86. Kd7 Qb5+ 87. Kd8 Qb8+ 88. Ke7 Qb4 89. Qf6+ Kd3 90. Qe6 Qh4+ 91. Ke8 Qh8+ 92. Kd7 Qa1 93. Qf7 Qa7+ 94. Ke8 Qa8+ 95. Ke7 Qe4+ 96. Qe6 Qh7+ 97. Kf8 Qh8+ 98. Ke7 Qg7+ 99.
Qf7 Qe5+ 100. Kd7 Qb5+ 101. Kc7 Qc5+ 102. Kd7 Qa7+ 103. Ke8 Qa8+ 104. Kd7 Qa7+ 1/2-1/2

[Event "Late-Titled-Tuesday-Blitz-October-03-2023"]
[Site "Chess.com"]
[Date "2023.10.03"]
[Round "7"]
[White "kuli4ik"]
[Black "lemures27"]
[Result "1-0"]
[WhiteElo "2931"]
[BlackElo "2471"]
[TimeControl "180+1"]
[EndTime "15:07:57 PDT"]
[Termination "kuli4ik won by resignation"]

1. Nf3 d5 2. d4 Nf6 3. Bf4 c5 4. dxc5 Nc6 5. c3 a5 6. Na3 Bf5 7. Nb5 Rc8 8. Qa4 Be4 9. Na7 Bxf3 10. exf3 e5 11. Bxe5 1-0

[Event "Late-Titled-Tuesday-Blitz-October-03-2023"]
[Site "Chess.com"]
[Date "2023.10.03"]
[Round "7"]
[White "Triumphmate"]
[Black "JoakimVonAnd"]
[Result "0-1"]
[WhiteElo "2501"]
[BlackElo "2713"]
[TimeControl "180+1"]
[EndTime "15:09:17 PDT"]
[Termination "JoakimVonAnd won by resignation"]

1. e4 g6 2. d4 Bg7 3. Nc3 a6 4. Be3 b5 5. Qd2 Bb7 6. f3 d6 7. O-O-O Nd7 8. h4 h5 9. Nh3 e6 10. Ng5 Ngf6 11. Bd3 Nb6 12. d5 exd5 13. Bxb6 cxb6 14.
Nxd5 Nxd5 15. exd5 O-O 16. g4 Qf6 17. c3 b4 18. c4 b5 19. Kb1 bxc4 20. Bxc4 Rac8 21. Bd3 Bxd5 22. gxh5 b3 23. a3 Rc2 24. Qc3 Rxb2+ 0-1

[Event "Late-Titled-Tuesday-Blitz-October-03-2023"]
[Site "Chess.com"]
[Date "2023.10.03"]
[Round "7"]
[White "KNVB"]
[Black "Marasmus01"]
[Result "1-0"]
[WhiteElo "2697"]
[BlackElo "2507"]
[TimeControl "180+1"]
[EndTime "15:09:41 PDT"]
[Termination "KNVB won by resignation"]

1. d4 g6 2. e4 Bg7 3. Nf3 d6 4. Nc3 Nf6 5. Be2 O-O 6. O-O Nbd7 7. e5 Ne8 8. Bf4 c6 9. a4 Qb6 10. a5 Qxb2 11. Na4 1-0

[Event "Late-Titled-Tuesday-Blitz-October-03-2023"]
[Site "Chess.com"]
[Date "2023.10.03"]
[Round "7"]
[White "Mesa_1"]
[Black "GMForgacs"]
[Result "0-1"]
[WhiteElo "2610"]
[BlackElo "2471"]
[TimeControl "180+1"]
[EndTime "15:09:44 PDT"]
[Termination "GMForgacs won by resignation"]

1. e4 e5 2. Nf3 Nc6 3. Bb5 a6 4. Bxc6 dxc6 5. O-O Bg4 6. h3 Bh5 7. g4 Bg6 8. Nxe5 Qh4 9. Qf3 f6 10. Nxg6 hxg6 11. Kg2 g5 12. Nc3 Ne7 13. d4 O-O-O 14. Be3 Kb8 15. Rad1 Ng6 16. Qg3 Qh7 17. a3 Bd6 18. e5 fxe5 19. Ne4 exd4 20. Nxd6 dxe3 21. Nf5 Nf4+ 22. Kf3 e2 23. Rxd8+ Rxd8 24. Re1 Rd1 0-1

[Event "Late-Titled-Tuesday-Blitz-October-03-2023"]
[Site "Chess.com"]
[Date "2023.10.03"]
[Round "7"]
[White "davigator"]
[Black "Mikhal867"]
[Result "1-0"]
[WhiteElo "2316"]
[BlackElo "2451"]
[TimeControl "180+1"]
[EndTime "15:10:30 PDT"]
[Termination "davigator won by checkmate"]

1. e4 g6 2. d4 Bg7 3. Nc3 d6 4. Be3 a6 5. Qd2 b5 6. O-O-O Bb7 7. f3 Nd7 8. Kb1 Nb6 9. Bd3 b4 10. Nce2 a5 11. Nc1 Nf6 12. Bh6 Bxh6 13. Qxh6 Ba6 14. Nge2 Nc4 15. Bxc4 Bxc4 16. Rhe1 a4 17. b3 Bxe2 18.
Rxe2 axb3 19. cxb3 Qd7 20. Rdd2 Qb5 21. Rc2 Kd7 22.
Qg7 Rhf8 23. Rc4 Ra7 24. Qxf8 Ke6 25. d5+ Ke5 26. Qxe7+ Kf4 27. Qxf6# 1-0

[Event "Late-Titled-Tuesday-Blitz-October-03-2023"]
[Site "Chess.com"]
[Date "2023.10.03"]
[Round "7"]
[White "ferrufino64"]
[Black "Yushko_Olga"]
[Result "1-0"]
[WhiteElo "2231"]
[BlackElo "2104"]
[TimeControl "180+1"]
[EndTime "15:10:31 PDT"]
[Termination "ferrufino64 won by resignation"]

1. e4 e6 2. d4 d5 3. Nc3 Nf6 4.
e5 Nfd7 5. f4 c5 6. Nf3 Nc6 7.
Be3 cxd4 8. Nxd4 Nxd4 9. Bxd4 Bc5 10. Qd2 O-O 11. O-O-O a6 12. g4 b5 13. Bxc5 Nxc5 14.
Bd3 Qa5 15. Kb1 b4 16. Ne2 Nxd3 17. Qxd3 Bd7 18. Nd4 Bb5 19. Qd2 Rac8 20. f5 exf5 21. gxf5 Ba4 22. f6 Qc5 23. b3 Bd7 24. Qg5 1-0

[Event "Late-Titled-Tuesday-Blitz-October-03-2023"]
[Site "Chess.com"]
[Date "2023.10.03"]
[Round "7"]
[White "Korchmar_Vasiliy"]
[Black "victormago"]
[Result "1-0"]
[WhiteElo "2714"]
[BlackElo "2515"]
[TimeControl "180+1"]
[EndTime "15:10:34 PDT"]
[Termination "Korchmar_Vasiliy won by resignation"]

1. e4 c5 2. d4 cxd4 3. Qxd4 Nc6 4. Qd3 Nf6 5. Nc3 d6 6. Nf3 g6 7. Be2 Bg7 8. O-O O-O 9. Nd5 Be6 10. c3 Bg4 11.
Bg5 Bxf3 12. Qxf3 Ne5 13. Qe3 Nxd5 14. exd5 Re8 15. f4 Nd7 16. Rae1 Nf6 17. Bb5 Ng4 18. Qe2 Qb6+ 19. Kh1 Ne3 20. Bxe8 Nxf1 21. Bxf7+ Kxf7 22. Qe6+ 1-0

[Event "Late-Titled-Tuesday-Blitz-October-03-2023"]
[Site "Chess.com"]
[Date "2023.10.03"]
[Round "7"]
[White "Arystanner"]
[Black "HamedWafa4"]
[Result "1-0"]
[WhiteElo "2834"]
[BlackElo "2630"]
[TimeControl "180+1"]
[EndTime "15:10:41 PDT"]
[Termination "Arystanner won by resignation"]

1. e4 e5 2. Nf3 Nc6 3. Bb5 a6 4. Ba4 Nf6 5. d3 d6 6. c4 g6 7.
Nc3 Bg7 8. Nd5 O-O 9. O-O Nd7 10. Be3 Nc5 11. Bxc6 bxc6 12. Nb4 a5 13. Bxc5 dxc5 14.
Nc2 a4 15. Qe2 h5 16. Qe3 Qd6 17. Rfd1 Rb8 18. Rab1 f6 19. b3 axb3 20. axb3 Kh8 21. b4 cxb4 22. c5 Qe6 23. Nxb4 Kh7 24. d4 Bh6 25.
Qc3 Bg7 26. dxe5 Rb5 27. Nd4 Qxe5 28. Nxb5 cxb5 29. Qxe5 fxe5 30. Nd5 c6 31. Nb4 Rf6 32. Rd8 1-0

[Event "Late-Titled-Tuesday-Blitz-October-03-2023"]
[Site "Chess.com"]
[Date "2023.10.03"]
[Round "7"]
[White "tomozupan"]
[Black "gabduschew"]
[Result "1/2-1/2"]
[WhiteElo "2258"]
[BlackElo "2411"]
[TimeControl "180+1"]
[EndTime "15:11:07 PDT"]
[Termination "Game drawn by repetition"]

1. d4 c6 2. c4 Qa5+ 3. Nc3 g5 4. e4 Bg7 5. Be3 d6 6. Bd3 h6 7. Ne2 Nf6 8. O-O Ng4 9. Bd2 e5 10. d5 Qc7 11. Rc1 Nd7 12. f3 Qb6+ 13. Kh1 Nf2+ 14. Rxf2 Qxf2 15. Na4 Nc5 16. Nxc5 dxc5 17. Be1 Qe3 18.
Rc3 g4 19. Bd2 Qf2 20. Be1 Qe3 21. Bd2 Qf2 22. Be1 Qe3 1/2-1/2

[Event "Late-Titled-Tuesday-Blitz-October-03-2023"]
[Site "Chess.com"]
[Date "2023.10.03"]
[Round "7"]
[White "IPAchess"]
[Black "fyall777"]
[Result "0-1"]
[WhiteElo "2335"]
[BlackElo "2517"]
[TimeControl "180+1"]
[EndTime "15:11:36 PDT"]
[Termination "fyall777 won by resignation"]

1. d4 Nf6 2. c4 e6 3. Nf3 Bb4+ 4. Nbd2 O-O 5. a3 Bxd2+ 6. Qxd2 Ne4 7. Qc2 d5 8. Nd2 f5 9. g3 Qf6 10. e3 c5 11.
Nxe4 fxe4 12. dxc5 Nd7 13. Bg2 Nxc5 14. O-O Nd3 15. f3 Qe5 16. fxe4 Rxf1+ 17. Bxf1 dxe4 18.
Bxd3 exd3 19. Qxd3 Qc7 20. b4 Bd7 21. Bb2 Bc6 22.
Rf1 a6 23. e4 Rd8 24. Qe3 e5 25. Rf5 Rd1+ 26. Kg2 Qd7 27. Bxe5 Qxf5 0-1

[Event "Late-Titled-Tuesday-Blitz-October-03-2023"]
[Site "Chess.com"]
[Date "2023.10.03"]
[Round "7"]
[White "Schwindle"]
[Black "chosenpr"]
[Result "1-0"]
[WhiteElo "2408"]
[BlackElo "2247"]
[TimeControl "180+1"]
[EndTime "15:11:45 PDT"]
[Termination "Schwindle won by resignation"]

1. Nf3 Nf6 2. d4 e6 3. c4 Bb4+ 4. Nbd2 O-O 5. g3 b6 6. Bg2 Bb7 7. O-O Be7 8. Qc2 c5 9. dxc5 bxc5 10. e4 d6 11. Rd1 Nc6 12. Nb3 Qc7 13. Bd2 Nb4 14. Bxb4 Bxe4 15. Ba5 Qxa5 16. Qxe4 Qb4 17. Qe2 a5 18. Nfd2 Rab8 19. Rab1 a4 20. Na1 Rfd8 21.
Nc2 Qa5 22. Na3 Nd7 23. Nb5 Ne5 24. b3 Bf6 25. Ne4 Be7 26. Nexd6 Bxd6 27. Nxd6 Ng6 28. Nb5 axb3 29. axb3 Qb4 30. h4 Rxd1+ 31. Qxd1 Ne5 32. Qd6 1-0

[Event "Late-Titled-Tuesday-Blitz-October-03-2023"]
[Site "Chess.com"]
[Date "2023.10.03"]
[Round "7"]
[White "djano"]
[Black "slorovel"]
[Result "1-0"]
[WhiteElo "2683"]
[BlackElo "2486"]
[TimeControl "180+1"]
[EndTime "15:11:49 PDT"]
[Termination "djano won by resignation"]

1. e4 c5 2. Nc3 Nc6 3. Bb5 g6 4. Bxc6 bxc6 5. d3 Bg7 6. Be3 d6 7. Qd2 e5 8. Nge2 Rb8 9. b3 Ne7 10. Bh6 O-O 11. Bxg7 Kxg7 12. f4 f5 13. fxe5 dxe5 14.
exf5 Nxf5 15. Ne4 Qe7 16. O-O Be6 17. Qc3 Nd4 18. Nxd4 cxd4 19. Qxc6 Rbc8 20. Qb5 Bf5 21. Rac1 Bxe4 22. Rxf8 Qg5 23. Qd7+ Kxf8 24. Rf1+ Bf5 25. Qxc8+ Kg7 26. Qc7+ Kh6 27. Qxe5 Qd2 28. Qf4+ 1-0

[Event "Late-Titled-Tuesday-Blitz-October-03-2023"]
[Site "Chess.com"]
[Date "2023.10.03"]
[Round "7"]
[White "remi04"]
[Black "Hilary46"]
[Result "1-0"]
[WhiteElo "2855"]
[BlackElo "2635"]
[TimeControl "180+1"]
[EndTime "15:11:50 PDT"]
[Termination "remi04 won by resignation"]

1. e4 e5 2. Nf3 Nc6 3. Nc3 Nf6 4.
Bc4 Nxe4 5. O-O Nxc3 6. dxc3 f6 7. Re1 d6 8. Nd4 Bd7 9. Ne6 Bxe6 10. Bxe6 Qe7 11. Bd5 Qd7 12. b4 O-O-O 13. Qf3 Re8 14. b5 Nd8 15. Be3 Kb8 16. a4 f5 17. a5 e4 18. Qe2 g6 19. b6 cxb6 20. axb6 a6 21.
Rxa6 bxa6 22. Qxa6 Nc6 23. Ra1 Qb7 24. Qxb7+ Kxb7 25. Ra7+ Kb8 26. Bxc6 1-0

[Event "Late-Titled-Tuesday-Blitz-October-03-2023"]
[Site "Chess.com"]
[Date "2023.10.03"]
[Round "7"]
[White "NovikovaGalina"]
[Black "familijatop71"]
[Result "1-0"]
[WhiteElo "2424"]
[BlackElo "2163"]
[TimeControl "180+1"]
[EndTime "15:12:00 PDT"]
[Termination "NovikovaGalina won on time"]

1. e4 c5 2. Nf3 d6 3. d4 cxd4 4. Nxd4 Nf6 5. Nc3 g6 6. Be3 Bg7 7. f3 O-O 8. Qd2 Nc6 9. g4 Bd7 10. h4 Nxd4 11. Bxd4 b5 12. h5 b4 13. Ne2 Qc7 14.
hxg6 fxg6 15. O-O-O Be6 16. Kb1 a5 17. Nc1 a4 18. Qxb4 Rfb8 19. Qc3 Qb7 20. Bc4 d5 21. exd5 Nxd5 22. Bxd5 Bxd4 23. Qxd4 Bxd5 24. Qxd5+ Kg7 25. Qxb7 Rxb7 26. Nd3 Rab8 27. Rhe1 Kf7 28. b3 a3 29. Re2 1-0

[Event "Late-Titled-Tuesday-Blitz-October-03-2023"]
[Site "Chess.com"]
[Date "2023.10.03"]
[Round "7"]
[White "louis198"]
[Black "sofaceindisguise"]
[Result "1-0"]
[WhiteElo "2640"]
[BlackElo "2808"]
[TimeControl "180+1"]
[EndTime "15:12:05 PDT"]
[Termination "louis198 won by resignation"]

1. d4 Nf6 2. Bf4 g6 3. e3 d6 4. h3 c5 5. c3 Qb6 6. Qc1 Bg7 7.
Nd2 O-O 8. Bc4 Nc6 9. Ngf3 cxd4 10. exd4 e5 11. dxe5 dxe5 12. Be3 Qc7 13. O-O Bf5 14.
Rd1 Rad8 15. Nf1 e4 16. N3h2 Ne5 17. Bb3 Nd3 18. Qc2 Nd5 19. Bxd5 Rxd5 20. Ng3 Rfd8 21. Nhf1 h5 22. Bg5 R8d7 23. Ne3 Rb5 24. Nexf5 Rxb2 25. Qa4 Rxf2 26. Rxd3 exd3 27. Kxf2 gxf5 28. Nxf5 Qc5+ 29. Ne3 Qxg5 30. Qxd7 Qf4+ 31. Kg1 Qxe3+ 32. Kh1 Bxc3 33. Qc8+ 1-0

[Event "Late-Titled-Tuesday-Blitz-October-03-2023"]
[Site "Chess.com"]
[Date "2023.10.03"]
[Round "7"]
[White "Defenstrator"]
[Black "YellowJacek"]
[Result "0-1"]
[WhiteElo "2422"]
[BlackElo "2305"]
[TimeControl "180+1"]
[EndTime "15:12:17 PDT"]
[Termination "YellowJacek won on time"]

1. Nh3 d5 2. g3 e5 3. f4 Bxh3 4. Bxh3 exf4 5. O-O fxg3 6. e4 gxh2+ 7. Kh1 dxe4 8. Qh5 Nf6 9. Qb5+ Nbd7 10. Qxb7 Be7 11. Nc3 O-O 12. Nxe4 Nxe4 13. Qxe4 Nf6 14. Qf3 Rb8 15.
b3 Rb4 16. Bb2 Rh4 17. Rae1 Qd6 18. Be5 Qxd2 19. Qg3 Nh5 20. Qf3 Bd6 0-1

[Event "Late-Titled-Tuesday-Blitz-October-03-2023"]
[Site "Chess.com"]
[Date "2023.10.03"]
[Round "7"]
[White "RebecaJimnz"]
[Black "Haykoooo0o"]
[Result "0-1"]
[WhiteElo "2216"]
[BlackElo "2452"]
[TimeControl "180+1"]
[EndTime "15:12:18 PDT"]
[Termination "Haykoooo0o won by resignation"]

1. e4 c6 2. d4 d5 3. Nc3 dxe4 4.
Nxe4 Nd7 5. Ng5 h6 6. Ne6 Qb6 7.
Nxf8 Nxf8 8. c3 Bf5 9. Nf3 Nf6 10. Bc4 e6 11. O-O Ng6 12. Re1 O-O 13. Ne5 Nxe5 14.
dxe5 Nd5 15. Bd3 Bxd3 16. Qxd3 Rfd8 17. Qg3 Ne7 18. Qg4 Nf5 19. Be3 Nxe3 20. Rxe3 Qxb2 21. Rf1 Qc2 22. Rg3 Qh7 23. f4 Rd3 24. f5 Rxg3 25. hxg3 exf5 26. Rxf5 Qg6 27. Qf3 Rd8 28. Rf4 Qb1+ 29.
Kh2 Qxa2 30. Rg4 Qe6 31. Qe3 Qxg4 0-1

[Event "Late-Titled-Tuesday-Blitz-October-03-2023"]
[Site "Chess.com"]
[Date "2023.10.03"]
[Round "7"]
[White "Ali_rastbod"]
[Black "ural58"]
[Result "1-0"]
[WhiteElo "2716"]
[BlackElo "2527"]
[TimeControl "180+1"]
[EndTime "15:12:21 PDT"]
[Termination "Ali_rastbod won by resignation"]

1. e4 d5 2. exd5 Qxd5 3. Nc3 Qd6 4. d4 c6 5. Nf3 Bf5 6. Ne5 Nd7 7.
Bf4 Nxe5 8. Bxe5 Qb4 9. Rb1 e6 10. a3 Qa5 11. Bd3 Ne7 12. b4 Qd8 13. O-O Bxd3 14.
Qxd3 Ng6 15. Bg3 Bd6 16. Ne4 Bxg3 17. hxg3 O-O 18. Rfd1 a5 19. b5 Qc7 20. bxc6 Qxc6 21.
c4 Rac8 22. c5 Rfd8 23. Nd6 Rxd6 24. cxd6 Rb8 25. d5 Qxd6 26. dxe6 Qxe6 27. Qd6 Qe8 28. Re1 Qf8 29. Qxf8+ Kxf8 30. Rb5 Ne7 31. Reb1 g6 32. Rxb7 Re8 33. Rb8 Nc8 34. Rc1 1-0

[Event "Late-Titled-Tuesday-Blitz-October-03-2023"]
[Site "Chess.com"]
[Date "2023.10.03"]
[Round "7"]
[White "tdf98pantani"]
[Black "Angry_Twin"]
[Result "0-1"]
[WhiteElo "2697"]
[BlackElo "2938"]
[TimeControl "180+1"]
[EndTime "15:12:31 PDT"]
[Termination "Angry_Twin won by resignation"]

1. e4 c5 2. Nf3 d6 3. d4 cxd4 4.
Nxd4 Nf6 5. Nc3 a6 6. Bg5 e6 7. f4 h6 8. Bxf6 Qxf6 9. Qd2 g5 10.
f5 Nc6 11. Nb3 Qe5 12. O-O-O b5 13. Kb1 Bb7 14. Be2 O-O-O 15. Bh5 Rd7 16. Rhe1 Bg7 17.
Qc1 Kb8 18. Nd5 Rhd8 19. g3 a5 20. Ne3 Qxe4 21. Ng4 Qxf5 22. Rf1 Qh7 23. Bxf7 a4 24.
Nd2 Nd4 25. Ne3 Rc7 26. Ka1 Nxc2+ 0-1

[Event "Late-Titled-Tuesday-Blitz-October-03-2023"]
[Site "Chess.com"]
[Date "2023.10.03"]
[Round "7"]
[White "The_Straightforward_Rook"]
[Black "Eloist"]
[Result "1-0"]
[WhiteElo "2562"]
[BlackElo "2438"]
[TimeControl "180+1"]
[EndTime "15:12:34 PDT"]
[Termination "The_Straightforward_Rook won on time"]

1. d4 e6 2. c4 Nf6 3. Nf3 b6 4.
g3 Bb7 5. Bg2 Be7 6. d5 exd5 7. Nd4 Bc6 8. Nf5 dxc4 9. Nxg7+ Kf8 10.
Bh6 Kg8 11. O-O Ng4 12. Nf5 Nxh6 13. Nxh6+ Kf8 14. Qd4 Bf6 15. Qxc4 d5 16. Qf4 Qd6 17. Qxd6+ cxd6 18. Nc3 d4 19. Ne4 Be5 20. f4 Bg7 21. Nf5 Na6 22. Nexd6 Bxg2 23. Kxg2 Nc5 24. Rac1 a5 25.
Rfd1 Rd8 26. Nxg7 Kxg7 27. Rxd4 Nb7 28. Rcd1 Nxd6 29. Rxd6 Rxd6 30. Rxd6 Re8 31. Kf3 b5 32. e4 1-0

[Event "Late-Titled-Tuesday-Blitz-October-03-2023"]
[Site "Chess.com"]
[Date "2023.10.03"]
[Round "7"]
[White "Joel1285"]
[Black "ritanovikova"]
[Result "0-1"]
[WhiteElo "1899"]
[BlackElo "2180"]
[TimeControl "180+1"]
[EndTime "15:12:39 PDT"]
[Termination "ritanovikova won on time"]

1. d4 e5 2. dxe5 Nc6 3. Nf3 Qe7 4. Bf4 Qb4+ 5. Bd2 Qxb2 6. Nc3 Nb4 7. Nd4 c5 8. Rb1 Qa3 9. Ndb5 Qa5 10. a3 a6 11. axb4 cxb4 12. Ra1 Qd8 13. Nd5 axb5 14. Rxa8 Ne7 15. Nxb4 Nc6 16. Nxc6 bxc6 17. e3 Bc5 18. Bd3 O-O 19. O-O Qc7 20. Qa1 d6 21. exd6 Bxd6 22. g3 h5 23. Bc3 f6 24. Rd1 b4 25. Be1 h4 26. Bf1 Be5 27. Qa5 Qb7 28. Ra7 Qb8 29.
Rd8 hxg3 30. Rxf8+ Kxf8 31. Ra8 Qb7 0-1